AoeStats
← [CL] Al3jandr0.magn00

Arabia

508114455Analyzed
1v1 RM · 10d ago on Sep 20, 2026· 34m 38s· 2 players
Game mode
Random Map
Map size
Tiny (2 player)
Population
200
Speed
Normal
Resources
Standard
Victory
Conquest
Starting age
Dark Age
Ending age
Imperial Age
RankedLock teamsTeams togetherTeam positionsShared explorationLock speedFull tech treeHidden civsTurbo modeCheats
Victory
Defeat
🇦🇷 Poles · Argentina
1905
+11
🇨🇦 Ethiopians · Canada
1791
-11
cornonjakobe
6:03 Loom
8:31 Feudal Age
8:58 Double-Bit Axe
10:41 Town Watch
16:18 Fletching
21:45 Castle Age
21:15 Horse Collar
21:59 Light Cavalry
24:22 Bow Saw
26:08 Wheelbarrow
28:12 Scale Barding Armor
29:31 Forging
36:40 Imperial Age
[CL] Al3jandr0.magn00
6:02 Loom
6:48 Loom
8:59 Feudal Age
10:22 Double-Bit Axe
10:18 Horse Collar
22:36 Castle Age
21:27 Scale Barding Armor
22:04 Bloodlines
22:37 Gold Mining
23:59 Forging
26:24 Sanctity
27:02 Husbandry
30:13 Devotion
Connection lost

Rejoining the realm…

Still unreachable

The connection could not be restored.

Session expired

The server has moved on; the page needs a fresh start.